 Dungeon Crawl Stone Soup version 0.20-a0-950-g92a50c4 (webtiles) character file.

17064 Firecrotchwizard the Impaler (level 12, 0/97 HPs)
             Began as a Merfolk Gladiator on Apr 4, 2017.
             Was a High Priest of Okawaru.
             Slain by a basilisk (1 damage)
             ... on level 10 of the Dungeon.
             The game lasted 00:35:26 (12193 turns).

Firecrotchwizard the Impaler (Merfolk Gladiator)   Turns: 12193, Time: 00:35:27

Health: 0/97       AC: 14    Str: 15    XL:     12   Next: 44%
Magic:  18/18      EV:  2    Int:  7    God:    Okawaru [*****.]
Gold:   767        SH:  0    Dex: 20    Spells: 9/11 levels left

rFire    + + .     SeeInvis .   D - +1 trident (flame)
rCold    . . .     Gourm    .   W - +1 shield {rF+}
rNeg     + + +     Faith    +   N - +2 ring mail {rC+}
rPois    ∞         Spirit   .   s - +2 helmet
rElec    .         Reflect  .   (no cloak)
rCorr    .         Harm     .   w - +2 pair of gloves
MR       .....                  (no boots)
Stlth    +++.......             b - amulet of faith
Regen    0.3/turn               z - +3 ring of evasion
MPRegen  0.2/turn               a - ring of fire

@: petrified, heroism
A: change form in water, swift swim, stealthy swim
a: Heroism, Finesse, Renounce Religion


You were on level 10 of the Dungeon.
You worshipped Okawaru.
Okawaru was extremely pleased with you.
You were not hungry.

You visited 3 branches of the dungeon, and saw 12 of its levels.

You collected 767 gold pieces.

Inventory:

Hand Weapons
 D - a +1 trident of flaming (weapon)
 K - a +1 halberd of freezing
Missiles
 d - a throwing net
 Q - 2 exploding tomahawks (quivered)
 S - 6 javelins of penetration
Armour
 s - a +2 helmet (worn)
 w - a +2 pair of gloves (worn)
 A - a +0 buckler
 C - a +0 troll leather armour {Purgy}
 N - a +2 ring mail of cold resistance (worn)
 W - a +1 shield of fire resistance (worn)
Jewellery
 a - a ring of fire (right hand)
 b - an amulet of faith (around neck)
 i - an uncursed ring of magical power
 r - an uncursed ring of positive energy
 z - a +3 ring of evasion (left hand)
 P - an uncursed ring of fire
Wands
 g - a wand of random effects (18/48)
 l - a wand of random effects (27/48)
 t - a wand of random effects (34/48)
 u - a wand of clouds (6/9)
 F - a wand of iceblast (7/15)
 H - a wand of polymorph (12/24)
 L - a wand of polymorph (13/24)
Scrolls
 e - a scroll of magic mapping
 j - 9 scrolls of identify
 m - 6 scrolls of teleportation
 n - 2 scrolls of remove curse
 o - a scroll of recharging
 y - a scroll of fear
 I - 2 scrolls of enchant weapon
 T - 2 scrolls of amnesia
 U - a scroll of enchant armour
Potions
 h - a potion of invisibility {unknown}
 k - 2 potions of flight
 p - 7 potions of curing
 q - a potion of berserk rage {unknown}
 x - a potion of brilliance {unknown}
 B - 2 potions of lignification
 G - a potion of might {unknown}
 J - a potion of cancellation {unknown}
 M - a potion of haste {unknown}
 O - a potion of agility {unknown}
Books
 v - a book of Minor Magic

   Spells                             Type                      Level
   a - Magic Dart                     Conjuration                  1
   b - Blink                          Translocation                2
   c - Call Imp                       Summoning                    2
   d - Slow                           Hexes                        2
   e - Conjure Flame                  Conjuration/Fire             3
   f - Mephitic Cloud                 Conjuration/Poison/Air       3
Miscellaneous
 V - a phial of floods
Comestibles
 c - 4 meat rations
 f - 2 bread rations
 E - 8 fruits
 R - a chunk of flesh


   Skills:
 + Level 9.8(14.8) Fighting
 + Level 17.7(22.7) Polearms
 - Level 2.0(7.0) Throwing
 + Level 12.0(17.0) Dodging
 * Level 4.5(9.5) Shields
 + Level 8.1 Invocations


You had 9 spell levels left.
You knew the following spells:

 Your Spells              Type           Power        Failure   Level  Hunger
a - Blink                 Tloc           N/A          100%        2    ###....


Dungeon Overview and Level Annotations

Branches:
Dungeon (10/15)            Temple (1/1) D:5            Lair (1/6) D:10
    Orc: D:9-12

Altars:
Ashenzari
Cheibriados
Dithmenos
Elyvilon
Fedhas
Gozag
Hepliaklqana
Kikubaaqudgha
Makhleb
Nemelex Xobeh
Okawaru
Qazlal
Ru
Sif Muna
Trog
Uskayaw
Vehumet
Wu Jian
Xom
Yredelemnul
Zin
The Shining One

Shops:
D:6 =


Message History

You resist with some effort.
You have turned to stone.
The basilisk gazes at you. You resist with some effort.
The blink frog barely misses you.
The blink frog blinks!
The basilisk bites you. The basilisk bites you!
* * * LOW HITPOINT WARNING * * *
The basilisk bites you but does no damage.
The blink frog hits you!
* * * LOW HITPOINT WARNING * * *
The blink frog blinks!
The basilisk bites you!
* * * LOW HITPOINT WARNING * * *
The blink frog blinks!
The basilisk bites you but does no damage.
The basilisk bites you but does no damage.
The blink frog blinks!
The basilisk bites you.
* * * LOW HITPOINT WARNING * * *
The basilisk gazes at you. The basilisk bites you.
You die...

# #.# #..# #..# ##### #
###.#### ##.## #..# # #......#
#..###..# #
#......######..##..# #
#..................##########
#
#............................
#
#.......#..........##########
#
#...........Fl...............
###+##...#..@......##########
#.#.............## #.....
###.#.............######.####
#.................#......#
#####..............##.#......#
..........###..####..#.......#
..............## ##.#.......#
.....##.......# #.#.#######
.....##.......# #.#.#


You could see a basilisk and a blink frog.

Vanquished Creatures
  A hydra (Lair:1)
  A centaur warrior (D:9)
  5 two-headed ogres
  3 death yaks (D:10)
  The ghost of PapaToasty the Cleaver, a novice VSBe of Trog (D:9)
  An unseen horror (D:10)
  A wizard (D:9)
  Pikel (D:6)
  A spiny frog (Lair:1)
  Joseph (D:7)
  Psyche (D:9)
  2 trolls (D:9)
  Grinder (D:4)
  2 blink frogs (Lair:1)
  A wyvern (D:10)
  A yak (D:10)
  Grum (D:9)
  Eustachio (D:5)
  A steam dragon (D:9)
  Menkaure (D:6)
  2 porcupines (D:10)
  A water moccasin (D:10)
  5 orc warriors
  A sky beast (D:6)
  Purgy (D:4)
  3 ice beasts (D:9)
  4 black bears
  3 slaves (D:6)
  7 ogres
  4 centaurs
  2 wolves (D:9)
  3 phantoms
  6 big kobolds
  Blork the orc (D:4)
  3 bullfrogs
  A wyvern skeleton (D:8)
  6 scorpions
  An oklob sapling (D:5)
  3 killer bees (D:10)
  5 wights (D:8)
  4 howler monkeys
  4 crimson imps
  A centaur zombie (D:9)
  A bullfrog skeleton (D:5)
  4 hounds
  2 jellies
  12 orc priests
  2 centaur skeletons
  3 iguanas
  7 orc wizards
  A hell rat (D:10)
  6 worker ants
  A hound zombie (D:5)
  A worker ant zombie (D:5)
  2 gnolls
  10 adders
  A river rat (D:10)
  2 shadow imps
  2 oozes
  An adder zombie (D:5)
  3 worms
  A dart slug (D:1)
  10 leopard geckos
  50 orcs
  9 bats
  14 giant cockroaches
  10 goblins
  9 hobgoblins
  8 jackals
  4 quokkas
  A ball python (D:4)
  2 frilled lizards
  65 kobolds
  A leopard gecko skeleton (D:9)
  A leopard gecko zombie (D:9)
  A quokka skeleton (D:4)
  13 rats
  A plant (D:5)
360 creatures vanquished.

Vanquished Creatures (others)
  2 kobolds (D:6)
  A plant (D:5)
3 creatures vanquished.

Grand Total: 363 creatures vanquished

Notes
Turn   | Place    | Note
-------+----------+-------------------------------------------
     0 | D:1      | Firecrotchwizard the Merfolk Gladiator began the quest for the Orb.
     0 | D:1      | Reached XP level 1. HP: 16/16 MP: 1/1
   226 | D:1      | Reached skill level 5 in Polearms
   230 | D:1      | Reached XP level 2. HP: 22/22 MP: 2/2
   482 | D:1      | Reached skill level 6 in Polearms
   482 | D:1      | Reached XP level 3. HP: 24/27 MP: 3/3
  1211 | D:2      | Reached XP level 4. HP: 33/33 MP: 4/4
  1229 | D:2      | Reached skill level 7 in Polearms
  1964 | D:3      | Learned a level 2 spell: Blink
  2008 | D:3      | Reached skill level 8 in Polearms
  2008 | D:3      | Reached XP level 5. HP: 38/38 MP: 5/5
  2180 | D:3      | Noticed a big kobold
  2297 | D:3      | Killed a big kobold
  2297 | D:3      | Reached skill level 9 in Polearms
  2365 | D:3      | Reached XP level 6. HP: 18/44 MP: 6/6
  2412 | D:3      | HP: 2/44 [something (3)]
  2798 | D:3      | Reached skill level 10 in Polearms
  2875 | D:3      | Reached XP level 7. HP: 47/50 MP: 7/7
  3174 | D:3      | Reached skill level 11 in Polearms
  3986 | D:4      | Found a stormy altar of Qazlal.
  4146 | D:4      | Noticed Purgy
  4161 | D:4      | Killed Purgy
  4161 | D:4      | Reached skill level 12 in Polearms
  4380 | D:4      | Reached XP level 8. HP: 56/56 MP: 8/8
  4381 | D:4      | Noticed Blork the orc
  4388 | D:4      | Killed Blork the orc
  4388 | D:4      | Reached skill level 13 in Polearms
  4636 | D:4      | Noticed Grinder
  4644 | D:4      | Paralysed by Grinder for 7 turns
  4658 | D:4      | Killed Grinder
  4658 | D:4      | Reached skill level 14 in Polearms
  4777 | D:5      | Entered Level 5 of the Dungeon
  4962 | D:5      | Found a staircase to the Ecumenical Temple.
  5003 | D:5      | Reached skill level 5 in Dodging
  5235 | D:5      | Noticed Eustachio
  5237 | Temple   | Entered the Ecumenical Temple
  5445 | Temple   | Became a worshipper of Warmaster Okawaru
  5542 | D:5      | Reached XP level 9. HP: 65/65 MP: 9/9
  5766 | D:5      | Killed Eustachio
  5766 | D:5      | Reached skill level 1 in Shields
  5938 | D:6      | Noticed Menkaure
  5961 | D:6      | Killed Menkaure
  5961 | D:6      | Reached * piety under Okawaru
  5986 | D:6      | Reached skill level 5 in Fighting
  6122 | D:6      | Noticed Pikel
  6309 | D:6      | Killed Pikel
  6309 | D:6      | Reached ** piety under Okawaru
  6309 | D:6      | Reached skill level 15 in Polearms
  6562 | D:6      | Found Dumyecwao's Jewellery Boutique.
  6833 | D:6      | Reached XP level 10. HP: 76/76 MP: 10/10
  7069 | D:7      | Reached *** piety under Okawaru
  7072 | D:7      | Reached skill level 1 in Invocations
  7363 | D:7      | Noticed Joseph
  7393 | D:7      | Killed Joseph
  7904 | D:8      | Reached **** piety under Okawaru
  8199 | D:8      | Noticed a two-headed ogre
  8208 | D:8      | Killed a two-headed ogre
  8430 | D:8      | Noticed a two-headed ogre
  8445 | D:8      | Killed a two-headed ogre
  8445 | D:8      | Reached skill level 16 in Polearms
  8827 | D:9      | Reached XP level 11. HP: 84/84 MP: 14/14
  8828 | D:9      | Noticed a wizard
  8841 | D:9      | Killed a wizard
  8841 | D:9      | Reached ***** piety under Okawaru
  8841 | D:9      | Reached skill level 5 in Invocations
  8866 | D:9      | Received a gift from Okawaru
  9109 | D:9      | Noticed a centaur warrior
  9141 | D:9      | Killed a centaur warrior
  9141 | D:9      | Reached skill level 10 in Dodging
  9313 | D:9      | Noticed Grum
  9329 | D:9      | Killed Grum
  9499 | D:9      | Noticed PapaToasty's ghost (novice VSBe)
  9556 | D:9      | Killed PapaToasty's ghost
  9744 | D:9      | Noticed Psyche
  9750 | D:9      | Paralysed by Psyche for 7 turns
  9760 | D:9      | Killed Psyche
  9903 | D:9      | Noticed a two-headed ogre
 10057 | D:8      | Received a gift from Okawaru
 10556 | D:9      | Killed a two-headed ogre
 10556 | D:9      | Reached skill level 17 in Polearms
 10759 | D:10     | Entered Level 10 of the Dungeon
 10760 | D:10     | Noticed a two-headed ogre
 10766 | D:10     | Killed a two-headed ogre
 10766 | D:10     | Received a gift from Okawaru
 10832 | D:10     | Noticed a death yak
 10843 | D:10     | Noticed a death yak
 10845 | D:10     | Noticed a death yak
 10847 | D:10     | Killed a death yak
 10860 | D:10     | Killed a death yak
 10860 | D:10     | Reached XP level 12. HP: 73/95 MP: 17/17
 10878 | D:10     | Killed a death yak
 10878 | D:10     | Received a gift from Okawaru
 11143 | D:10     | Noticed a two-headed ogre
 11147 | D:10     | Killed a two-headed ogre
 11168 | D:10     | Found a staircase to the Lair.
 11676 | Lair:1   | Entered Level 1 of the Lair of Beasts
 11676 | Lair:1   | Noticed a seven-headed hydra
 11686 | Lair:1   | Received a gift from Okawaru
 11696 | Lair:1   | Killed a seven-headed hydra
 12188 | D:10     | HP: 2/97 [basilisk (6)]
 12193 | D:10     | Slain by a basilisk

Vault maps used:
D:1:      nagdon_arrival_double_spiral
D:3:      minmay_goblin_kobold_castle
D:4:      grunt_qazlal_sundering, first_bread, uniq_blork_the_orc, uniq_grinder,
          uniq_purgy
D:5:      kennysheep_six_static_rooms, minmay_temple_entry_oklob, uniq_eustachio
D:6:      cheibrodos_thug_alley, serial_shops, shop, uniq_pikel, uniq_menkaure
D:7:      uniq_joseph
D:9:      special_room, solitary_fountain, uniq_grum, uniq_psyche
D:10:     dpeg_lair_monsters
Temple:   roderic_octagonal_lattice_temple
Lair:1:   serial_bayou_pond_b

Skill      XL: |  1  2  3  4  5  6  7  8  9 10 11 12 |
---------------+-------------------------------------+-----
Polearms       | 5 6 8 9 10 12 14 15 16 17 | 17.7
Fighting       | 4 5 7 9 |  9.8
Dodging        | 5 7 9 11 12 | 12.0
Shields        | 4 |  4.5
Invocations    | 4 7 8 |  8.1
Throwing       | |  2.0

Action                   |  1- 3 |  4- 6 |  7- 9 | 10-12 || total
-------------------------+-------+-------+-------+-------++-------
Melee: Trident           |   116 |   272 |   542 |   548 ||  1478
       Tailslap          |       |     3 |     2 |       ||     5
       Halberd           |       |       |       |    92 ||    92
Throw: Throwing net      |       |       |     1 |     2 ||     3
       Tomahawk          |       |       |       |     1 ||     1
Invok: Heroism           |       |       |       |    11 ||    11
       Finesse           |       |       |       |     3 ||     3
  Use: Scroll            |       |       |     9 |     7 ||    16
 Stab: Sleeping          |     1 |     1 |     2 |     3 ||     7
       Distracted        |       |     1 |     2 |     1 ||     4
       Held in net/web   |       |       |     2 |     5 ||     7
  Eat: Chunk             |     1 |     4 |     4 |    15 ||    24
       Fruit             |       |     1 |       |     1 ||     2
       Royal jelly       |       |       |     2 |     1 ||     3
       Meat ration       |       |       |     1 |       ||     1
Armor: Leather armour    |    27 |    48 |     2 |       ||    77
       Ring mail         |       |       |    54 |    79 ||   133
       Troll leather arm |       |       |    12 |     5 ||    17
Dodge: Dodged            |    89 |   134 |   212 |   288 ||   723
Block: Buckler           |       |       |     3 |    62 ||    65
       Shield            |       |       |       |    11 ||    11
